AoeStats
← zicolone

Arena

508310773Analyzed
4v4 RM · 10d ago on Sep 21, 2026· 55m 35s· 8 players
Game mode
Random Map
Map size
Large (8 player)
Population
200
Speed
Normal
Resources
Standard
Victory
Conquest
Starting age
Dark Age
Ending age
Imperial Age
RankedLock teamsTeams togetherTeam positionsShared explorationLock speedFull tech treeHidden civsTurbo modeCheats
Victory
Defeat
🇺🇸 Hindustanis · United States
1095
+14
🇲🇽 Italians · Mexico
1086
+14
🇧🇷 Slavs · Brazil
1052
+16
🇺🇸 Poles · United States
1033
+16
🇳🇴 Vikings · Norway
1061
-15
🇫🇷 Franks · France
1061
-16
🇩🇪 Khmer · Germany
1052
-15
🇬🇧 Dravidians · United Kingdom
1016
-14
Lakafant
2:51 Loom
10:26 Feudal Age
12:10 Feudal Age
13:06 Double-Bit Axe
17:21 Castle Age
15:51 Horse Collar
16:05 Stone Mining
16:22 Gold Mining
19:24 Bow Saw
22:45 Town Watch
23:39 Heavy Plow
28:51 Imperial Age
27:33 Gold Shaft Mining
26:27 Pikeman
28:48 Forging
28:39 Scale Mail Armor
28:42 Squires
28:28 Arson
30:19 Chieftains
30:44 Conscription
30:55 Town Patrol
31:41 Crop Rotation
32:31 Elite Berserk
35:38 Chain Mail Armor
35:34 Elite Skirmisher
38:37 Fletching
40:45 Bodkin Arrow
42:29 Bracer
44:38 Plate Mail Armor
47:32 Iron Casting
52:25 Blast Furnace
50:53 Light Cavalry
50:53 Cavalier
52:33 Caravan
52:51 Scale Barding Armor
53:41 Fortified Wall
Lester
10:39 Feudal Age
14:25 Castle Age
12:49 Double-Bit Axe
19:13 Loom
20:08 Bow Saw
23:46 Gold Mining
23:46 Stone Mining
25:10 Wheelbarrow
28:18 Imperial Age
27:42 Forging
27:38 Scale Barding Armor
27:33 Scale Mail Armor
28:20 Husbandry
29:19 Iron Casting
29:08 Hand Cart
28:44 Cavalier
31:08 Chain Barding Armor
31:04 Chain Mail Armor
30:41 Fletching
35:34 Chemistry
37:30 Town Watch
37:26 Paladin
38:46 Elite Throwing Axeman
40:41 Blast Furnace
40:12 Plate Mail Armor
42:13 #83
44:59 Gold Mining
45:00 Stone Mining
46:46 Plate Barding Armor
46:10 Bodkin Arrow
49:15 Onager
54:26 Elite Skirmisher
55:11 Padded Archer Armor
zicolone
11:08 Feudal Age
15:12 Castle Age
13:21 Horse Collar
14:03 Double-Bit Axe
17:14 Forging
18:06 Bow Saw
18:53 Heavy Plow
25:23 Iron Casting
24:37 Loom
25:28 Wheelbarrow
25:25 Bloodlines
25:16 Husbandry
27:17 Gold Mining
27:19 Town Watch
31:30 Imperial Age
29:24 Scale Barding Armor
30:25 Gold Shaft Mining
29:43 Stone Mining
30:43 Padded Archer Armor
31:03 Chain Barding Armor
30:13 Light Cavalry
31:48 Hussar
32:59 Conscription
33:37 Ballistics
33:54 Hand Cart
34:43 Plate Barding Armor
36:09 Fletching
37:43 Chemistry
38:11 Onager
43:02 Blast Furnace
48:15 Elite Ballista Elephant
53:49 Bodkin Arrow
StinkyNewt
11:25 Feudal Age
15:48 Castle Age
13:54 Double-Bit Axe
14:38 Horse Collar
21:17 Wheelbarrow
24:45 Bow Saw
28:35 Hand Cart
28:14 Gold Mining
28:08 Pikeman
28:54 Squires
32:21 Imperial Age
30:03 Scale Mail Armor
30:10 Stone Mining
31:15 Chain Mail Armor
31:10 Forging
31:05 Loom
31:56 Ballistics
31:48 Fortified Wall
32:20 Elite Skirmisher
33:59 Wootz Steel
33:04 Halberdier
33:04 Man-at-Arms
33:17 Elite Elephant Archer
34:30 Fletching
35:11 Plate Mail Armor
35:17 Iron Casting
34:42 Padded Archer Armor
34:50 Scale Barding Armor
36:09 Two-Man Saw
34:57 Long Swordsman
35:23 Gambesons
35:43 Two-Handed Swordsman
36:32 Champion
37:50 Heavy Plow
37:26 Light Cavalry
38:06 Husbandry
38:10 Bodkin Arrow
40:03 Conscription
40:51 Blast Furnace
42:42 Chain Barding Armor
42:23 Bracer
42:38 Leather Archer Armor
44:33 Ring Archer Armor
45:07 Chemistry
44:19 Masonry
44:05 Murder Holes
49:43 Arson
Christ is Lord † |Acts 16:31
10:59 Feudal Age
16:09 Castle Age
14:16 Horse Collar
14:35 Double-Bit Axe
15:20 Gold Mining
17:36 Loom
19:55 Heavy Plow
20:06 Bow Saw
21:21 Town Watch
27:19 Devotion
27:34 Scale Barding Armor
27:59 Bloodlines
28:07 Forging
31:03 Imperial Age
29:28 Szlachta Privileges
30:40 Iron Casting
32:05 Scale Mail Armor
32:03 Pikeman
32:44 Squires
33:07 Conscription
33:09 Chain Mail Armor
34:30 Chemistry
35:44 Plate Mail Armor
35:08 Stone Mining
35:49 Crop Rotation
36:34 Arson
37:54 Blast Furnace
37:09 Cavalier
MAJEZTAD EZKANOR
11:31 Feudal Age
12:49 Wheelbarrow
12:01 Double-Bit Axe
12:03 Horse Collar
18:17 Castle Age
19:38 Hand Cart
19:36 Bow Saw
19:30 Heavy Plow
28:08 Imperial Age
26:43 Stone Mining
26:43 Gold Mining
28:03 Arson
28:18 Squires
27:38 Pikeman
28:23 Scale Mail Armor
28:34 Forging
29:17 Conscription
29:29 Chain Mail Armor
31:21 Plate Mail Armor
31:27 Iron Casting
41:45 Chemistry
43:00 Blast Furnace
47:05 Elite Skirmisher
ArkumKnight007
11:06 Feudal Age
11:52 Double-Bit Axe
11:52 Horse Collar
18:02 Castle Age
16:13 Gold Mining
16:14 Stone Mining
18:32 Bloodlines
20:56 Bow Saw
24:34 Fletching
27:09 Wheelbarrow
28:13 Murder Holes
31:03 Imperial Age
29:13 Loom
29:34 Husbandry
31:01 Hand Cart
31:33 Scale Mail Armor
32:01 Heavy Plow
32:58 Forging
33:21 Heavy Camel Rider
35:00 Masonry
35:37 Imperial Camel Rider
37:12 Iron Casting
36:44 Scale Barding Armor
37:52 Grand Trunk Road
39:07 Chemistry
38:08 Bodkin Arrow
41:22 Two-Man Saw
42:07 Bracer
44:50 Blast Furnace
44:07 Chain Mail Armor
46:47 Chain Barding Armor
49:06 Squires
48:52 Arson
49:49 Plate Barding Armor
49:34 Siege Engineers
50:13 Stone Shaft Mining
50:14 Gold Shaft Mining
50:58 Elite Ghulam
53:13 Caravan
55:17 Ballistics
55:51 Hoardings
Sinbad
10:33 Feudal Age
14:52 Castle Age
13:10 Double-Bit Axe
13:08 Horse Collar
16:01 Bow Saw
25:05 Wheelbarrow
24:47 Loom
24:56 Gold Mining
24:58 Town Watch
27:09 Gold Shaft Mining
26:27 Stone Mining
27:07 Hand Cart
30:05 Imperial Age
27:40 Heavy Plow
29:40 Ballistics
29:44 Scale Mail Armor
29:55 Forging
30:25 Fortified Wall
30:47 Chain Mail Armor
30:23 Fletching
30:19 Capped Ram
32:07 Chemistry
30:43 Heavy Scorpion
32:33 Two-Man Saw
32:45 Siege Engineers
32:05 Siege Ram
33:50 Crop Rotation
33:53 Plate Mail Armor
33:58 Iron Casting
35:03 Bodkin Arrow
35:52 Pikeman
36:33 Squires
37:37 Blast Furnace
36:38 Padded Archer Armor
37:36 Conscription
37:55 Town Patrol
38:12 Masonry
38:24 Druzhina
39:54 Detinets
39:25 Halberdier
40:59 Onager
41:49 Caravan
42:20 Coinage
43:13 Siege Onager
43:54 Man-at-Arms
45:20 Elite Boyar
Connection lost

Rejoining the realm…

Still unreachable

The connection could not be restored.

Session expired

The server has moved on; the page needs a fresh start.